[Event "ICCopen2017"]
[Site "Internet Chess Club"]
[Date "2017.04.02"]
[Round "4"]
[White "egyptiantiger"]
[Black "snaillike"]
[Result "1-0"]
[ICCResult "Black forfeits on time"]
[WhiteElo "1680"]
[BlackElo "1286"]
[Opening "QGD: Albin counter-gambit"]
[ECO "D08"]
[NIC "QG.02"]
[Time "19:40:54"]
[TimeControl "180+0"]

1. d4 d5 2. c4 e5 3. dxe5 f6 4. exf6 Nxf6 5. cxd5 Bd6 6. Nf3 Nxd5 7. e4 Bb4+
8. Bd2 Qe7 9. Bd3 Bg4 10. O-O Bxd2 11. Nbxd2 Nf6 12. e5 Nh5 13. Qa4+ Bd7 14.
Qb3 Be6 15. Qxb7 O-O 16. Bc4 Bxc4 17. Nxc4 Nd7 18. Qxc7 Rac8 19. Qd6 Qe8 20.
Qd5+ Kh8 21. Nd6 Nb6 22. Qb3 Qg6 23. Nxc8 Nxc8 24. Kh1 Nf4 25. g3 Nh3 26.
Nh4 Qh5 27. f4 Rd8 28. Rad1 Rxd1 29. Rxd1 h6 30. Rd8+ Kh7 31. Qd3+
{Black forfeits on time}
1-0

[Event "ICCopen2017"]
[Site "Internet Chess Club"]
[Date "2017.04.02"]
[Round "4"]
[White "DGint"]
[Black "Heian"]
[Result "1-0"]
[ICCResult "Black forfeits on time"]
[WhiteElo "1756"]
[BlackElo "1502"]
[Opening "Ruy Lopez: Classical defense deferred"]
[ECO "C70"]
[NIC "RL.09"]
[Time "19:41:35"]
[TimeControl "180+0"]

1. e4 e5 2. Nf3 Nc6 3. Bb5 a6 4. Ba4 Bc5 5. d4 Nxd4 6. Nxd4 Bxd4 7. Qg4 Qf6
8. O-O h6 9. Nc3 c6 10. Be3 d5 11. Nxd5 Bxg4 12. Nxf6+ Nxf6 13. Bxd4 exd4
14. e5 Nd5 15. f3 Be6 16. Rfd1 b5 17. Bb3 c5 18. Bxd5 Bxd5 19. c3 Rd8 20.
cxd4 cxd4 21. Rxd4 Bc4 22. Rg4 O-O 23. b3 Be6 24. Rf4 Rd5 25. Re1 Rc8 26.
Rfe4 Rc2 27. R4e2 Rdd2 28. Rxd2 Rxd2 29. f4 Rxa2 30. g4 Bxg4 31. Rf1 Bh3 32.
Re1 Rg2+ 33. Kh1 Rf2 34. Kg1 Rxf4 35. Ra1 Kh7 36. b4 Rxb4 37. Kf2 Rf4+ 38.
Kg3 Re4 39. Kxh3 Rxe5 40. Rxa6 f6 41. Rb6 Kg6 42. Rb7 Rc5 43. Rb6 Kg5 44.
Kg3 h5 45. Kg2 {Black forfeits on time} 1-0

[Event "ICCopen2017"]
[Site "Internet Chess Club"]
[Date "2017.04.02"]
[Round "4"]
[White "Enemigoalacecho"]
[Black "RdgMx"]
[Result "1-0"]
[ICCResult "Black forfeits on time"]
[WhiteElo "2308"]
[BlackElo "1848"]
[Opening "English opening: Agincourt variation"]
[ECO "A13"]
[NIC "RE.08"]
[Time "19:41:05"]
[TimeControl "180+0"]

1. Nf3 e6 2. c4 d5 3. b3 Nf6 4. Bb2 Be7 5. g3 O-O 6. Bg2 b6 7. O-O Bb7 8. e3
Nbd7 9. Qe2 c5 10. Rd1 Qc7 11. Nc3 dxc4 12. bxc4 a6 13. Rac1 Rac8 14. d3 Qb8
15. d4 Qa8 16. Rb1 Rfd8 17. a4 Ne4 18. Nxe4 Bxe4 19. Rbc1 Nf6 20. Ne1 Bxg2
21. Nxg2 Qc6 22. Qc2 cxd4 23. exd4 b5 24. axb5 axb5 25. c5 Nd5 26. Ra1 Ra8
27. Qb3 b4 28. Ne3 Nxe3 29. fxe3 Qf3 30. Rf1 Rxa1 31. Bxa1 Qb7 32. Rb1 Rb8
33. Bc3 Qf3 34. Bd2 Qe2 35. Qd1 Qd3 36. Rb3 Qc4 37. Qb1 Qe2 38. Rxb4 Rxb4
39. Qxb4 Qd1+ 40. Kf2 h6 41. Qb8+ Kh7 42. Qb2 Qg4 43. Qc2+ g6 44. c6 Bd6 45.
c7 Bxc7 46. Qxc7 Qf5+ 47. Qf4 h5 48. Qxf5 gxf5 49. h4 Kg6 50. Bb4 Kf6 51.
Bd6 Kg6 52. Kf3 f6 53. Kf4 Kf7 54. e4 fxe4 55. Kxe4 Kg6 56. Kf4 Kf7 57. Bc5
Kg6 58. Bb6 Kf7 59. Bd8 Kg6 60. Ba5 Kf7 61. Bc3 Kg6 62. Bd2 Kf7 63. g4 hxg4
64. Kxg4 Kg6 65. h5+ Kh7 66. h6 Kg6 67. Kf4 Kh7 68. Ke4 Kg6 69. Kd3 Kh7 70.
Kc4 Kg6 71. Kc5 f5 72. Kd6 Kf6 73. Bf4 {Black forfeits on time} 1-0

[Event "ICCopen2017"]
[Site "Internet Chess Club"]
[Date "2017.04.02"]
[Round "4"]
[White "charlestehace"]
[Black "Trentosk"]
[Result "0-1"]
[ICCResult "White forfeits on time"]
[WhiteElo "2821"]
[BlackElo "2510"]
[Opening "King's Indian: London system"]
[ECO "A48"]
[NIC "QP.03"]
[Time "19:41:06"]
[TimeControl "180+0"]

1. d4 Nf6 2. Nf3 g6 3. Bf4 Bg7 4. e3 O-O 5. h3 b6 6. Be2 Bb7 7. O-O d6 8. a4
a6 9. Bh2 Nbd7 10. c3 Qe8 11. Na3 e5 12. b4 Ne4 13. Rc1 f5 14. c4 f4 15.
exf4 exf4 16. Re1 Qf7 17. Bd3 Rae8 18. Qc2 Nef6 19. d5 Rxe1+ 20. Rxe1 Ne5
21. Ng5 Qd7 22. Ne6 Rf7 23. Nxf4 Nxd3 24. Nxd3 g5 25. b5 a5 26. Qe2 Bc8 27.
Nc2 g4 28. h4 Nh5 29. Qe8+ Rf8 30. Qxd7 Bxd7 31. Re7 Rf7 32. Rxf7 Kxf7 33.
Ne3 Bd4 34. Bf4 Nxf4 35. Nxf4 g3 36. Ne2 gxf2+ 37. Kxf2 Bc5 38. Ng3 Bg4 39.
Ne4 Bxe3+ 40. Kxe3 Bd1 41. Nc3 Bg4 42. Kf4 h5 43. g3 Kg6 44. Ke4 Kf6 45. Kd4
Kf5 46. Ke3 Ke5 47. Kd3 Bf5+ 48. Ke3 Bc2 49. Kf3 Kd4 50. Ne2+ Kxc4 51. Nf4
Bxa4 52. Ke3 Bxb5 53. Nxh5 a4 54. Kd2 Kb3 55. Kc1 Bd3 56. Nf4 Be4 57. Ne2 a3
58. Nd4+ Kb4 59. Nc2+ Kb3 60. Nxa3 Kxa3 61. h5 Kb4 62. g4 Kc5 63. g5 Kxd5
64. g6 Ke6 65. g7 Kf7 66. h6 Kg8 67. Kd2 Bd5 68. Ke3 Kh7 69. Kf4 Bg8 70. Kg5
b5 71. Kf6 b4 72. Ke7 b3 73. Kf8 b2 {White forfeits on time} 0-1

[Event "ICCopen2017"]
[Site "Internet Chess Club"]
[Date "2017.04.02"]
[Round "4"]
[White "garompon"]
[Black "yummy2"]
[Result "0-1"]
[ICCResult "White checkmated"]
[WhiteElo "2489"]
[BlackElo "2708"]
[Opening "Four knights: Scotch, 4...exd4"]
[ECO "C47"]
[NIC "SO.03"]
[Time "19:42:09"]
[TimeControl "180+0"]

1. e4 e5 2. Nf3 Nc6 3. Nc3 Nf6 4. d4 exd4 5. Nxd4 Bb4 6. Nxc6 bxc6 7. Bd3 d5
8. exd5 cxd5 9. O-O O-O 10. Bg5 c6 11. Na4 h6 12. Bh4 Bd6 13. c3 Rb8 14. b4
Be5 15. Bc2 g5 16. Bg3 Qd6 17. Re1 Bxg3 18. hxg3 Bg4 19. Qd4 Ra8 20. Nc5
Rab8 21. f3 Bc8 22. g4 Kg7 23. Re3 a5 24. a3 Ra8 25. Rae1 axb4 26. cxb4 Qf4
27. Qb2 d4 28. Rd3 Rd8 29. Ne4 Qe5 30. Kf2 Ba6 31. Ng3 Qf4 32. Nf5+ Kf8 33.
Rxd4 Nxg4+ 34. Kg1 Qh2# {White checkmated} 0-1

[Event "ICCopen2017"]
[Site "Internet Chess Club"]
[Date "2017.04.02"]
[Round "4"]
[White "lestri"]
[Black "kaimann"]
[Result "1-0"]
[ICCResult "Black resigns"]
[WhiteElo "2522"]
[BlackElo "1913"]
[Opening "English: Neo-Catalan declined"]
[ECO "E08"]
[NIC "RE.11"]
[Time "19:42:11"]
[TimeControl "180+0"]

1. c4 e6 2. Nf3 d5 3. g3 Nf6 4. Bg2 Be7 5. O-O O-O 6. d4 c6 7. Qc2 Nbd7 8.
Rd1 b6 9. Nbd2 Bb7 10. e4 dxe4 11. Nxe4 Nxe4 12. Qxe4 Nf6 13. Qc2 Qc7 14.
Bf4 Qc8 15. c5 bxc5 16. dxc5 Nd5 17. Bg5 Qd8 18. h4 h6 19. Bf4 Qa5 20. Rac1
Rfd8 21. Bd2 Qc7 22. b4 a5 23. bxa5 Ba6 24. Nd4 Rab8 25. Rb1 Bf6 26. Qe4
Bxd4 27. Qxd4 Nb4 28. Bf4 Rxd4 29. Bxc7 Rxd1+ 30. Rxd1 Rc8 31. Rd8+ Rxd8 32.
Bxd8 Bb5 33. a3 Nc2 34. a6 Bxa6 35. a4 Nd4 36. Ba5 e5 37. Bc3 Nb3 38. Bxc6
Nxc5 39. Bxe5 Nd3 40. Bd6 f6 41. Bb5 Bb7 42. Bxd3 {Black resigns} 1-0

[Event "ICCopen2017"]
[Site "Internet Chess Club"]
[Date "2017.04.02"]
[Round "4"]
[White "x-plica"]
[Black "chessrex"]
[Result "0-1"]
[ICCResult "White forfeits on time"]
[WhiteElo "1453"]
[BlackElo "1906"]
[Opening "QP counter-gambit: Maroczy gambit"]
[ECO "C40"]
[NIC "KP.10"]
[Time "19:41:37"]
[TimeControl "180+0"]

1. e4 e5 2. Nf3 d5 3. exd5 Bd6 4. d3 Nf6 5. Bg5 h6 6. Bxf6 Qxf6 7. Nc3 Bg4
8. Be2 Bb4 9. O-O Bxc3 10. bxc3 O-O 11. Qd2 Nd7 12. h3 Bf5 13. Rae1 Rfe8 14.
Nh2 e4 15. d4 Qg6 16. Kh1 Nb6 17. c4 Rad8 18. c3 Bc8 19. Bg4 f5 20. Be2 Rf8
21. f3 Rde8 22. fxe4 fxe4 23. Rxf8+ Rxf8 24. Bg4 Nxc4 25. Qe2 Nd6 26. Be6+
Bxe6 27. dxe6 Qxe6 28. Ng4 Re8 29. Ne5 Qf5 30. c4 Nf7 31. Qxe4 Qxe4 32. Rxe4
Nd6 33. Rg4 c5 34. Rg6 cxd4 35. Rxd6 Rxe5 36. Rxd4 Re2 37. a4 Ra2 38. c5 Rc2
39. Rd8+ Kh7 40. Rc8 Rc4 41. a5 Kg6 42. Rc7 a6 43. Rxb7 Rxc5 44. Rb6+ Kf7
45. Rxa6 Ke7 46. Ra7+ Kf6 47. a6 Ra5 48. Kh2 g5 49. Ra8 h5 50. a7 Kg7
{White forfeits on time}
0-1

[Event "ICCopen2017"]
[Site "Internet Chess Club"]
[Date "2017.04.02"]
[Round "4"]
[White "rc"]
[Black "bhaiju"]
[Result "0-1"]
[ICCResult "White resigns"]
[WhiteElo "1099"]
[BlackElo "1717"]
[Opening "Sicilian defense"]
[ECO "B30"]
[NIC "SI.31"]
[Time "19:42:20"]
[TimeControl "180+0"]

1. e4 c5 2. Nf3 Nc6 3. c3 d5 4. exd5 Qxd5 5. h3 e5 6. Bb5 Bd7 7. O-O f6 8.
Re1 Bd6 9. Bxc6 Bxc6 10. d3 Ne7 11. Be3 O-O 12. c4 Qe6 13. Nc3 Nf5 14. Ne4
Nd4 15. Nxd6 Qxd6 16. Bxd4 cxd4 17. Nd2 b5 18. Ne4 Bxe4 19. dxe4 bxc4 20.
Rc1 Rfc8 21. f3 c3 22. bxc3 d3 23. Qd2 Rd8 24. c4 Rac8 25. Rc3 Qd4+ 26. Kh1
Rxc4 27. Rxc4 Qxc4 28. Rc1 Qd4 29. Rc7 Rb8 30. Kh2 h6 31. Qc1 d2 32. Rc8+
Kh7 {White resigns} 0-1

[Event "ICCopen2017"]
[Site "Internet Chess Club"]
[Date "2017.04.02"]
[Round "4"]
[White "hipopotamos"]
[Black "ShadowStorm"]
[Result "0-1"]
[ICCResult "White checkmated"]
[WhiteElo "1182"]
[BlackElo "1392"]
[Opening "French defense"]
[ECO "C00"]
[NIC "FR.01"]
[Time "19:41:38"]
[TimeControl "180+0"]

1. e4 e6 2. Nf3 d5 3. e5 c6 4. Nc3 Nd7 5. Be2 Ne7 6. d3 Ng6 7. O-O Ngxe5 8.
Nxe5 Nxe5 9. Bd2 Ng6 10. Qc1 Bd6 11. a3 O-O 12. h3 e5 13. Bg5 Be7 14. Bd2
Be6 15. b4 Qd7 16. f3 f5 17. Bh6 gxh6 18. Qxh6 Bf6 19. f4 exf4 20. Bh5 Qg7
21. Qxg7+ Kxg7 22. Bxg6 hxg6 23. Rxf4 Bxc3 24. Raf1 Be5 25. R4f3 Rae8 26.
Re3 Bd6 27. Rfe1 Rf6 28. h4 Kf7 29. Kf2 Bd7 30. Rf3 Rxe1 31. Kxe1 Re6+ 32.
Kf2 c5 33. g4 cxb4 34. gxf5 gxf5 35. Rxf5+ Rf6 36. Rxf6+ Kxf6 37. axb4 Bxb4
38. Ke3 Bc5+ 39. Kd2 d4 40. h5 Kg5 41. c3 dxc3+ 42. Kxc3 Kxh5 43. d4 Bb6 44.
Kb4 Bc6 45. Kc4 Bd7 46. d5 Kg6 47. d6 Kf6 48. Kd5 Bc6+ 49. Kc4 Ke6 50. d7
Kxd7 51. Kb4 Kd6 52. Kc4 Bh1 53. Kb4 Bg1 54. Kc4 Kc6 55. Kb4 Kb6 56. Kc4 Ka5
57. Kb3 b5 58. Ka3 Bc5+ 59. Kb3 Bd5+ 60. Kb2 Ka4 61. Ka1 Ka3 62. Kb1 b4 63.
Kc2 b3+ 64. Kb1 Bd4 65. Kc1 Ka2 66. Kd2 b2 67. Kd3 b1=Q+ 68. Kxd4 Qb3 69.
Ke5 Kb2 70. Kf4 a5 71. Ke5 a4 72. Kd6 a3 73. Ke5 a2 74. Kd6 a1=Q 75. Ke5
Qe1+ 76. Kd6 Qe6+ 77. Kc5 Qb7 78. Kd4 Qb4+ 79. Kd3 Qee4# {White checkmated}
0-1

[Event "ICCopen2017"]
[Site "Internet Chess Club"]
[Date "2017.04.02"]
[Round "4"]
[White "arsam"]
[Black "BronStorm"]
[Result "1-0"]
[ICCResult "Black checkmated"]
[WhiteElo "2631"]
[BlackElo "1931"]
[Opening "Queen's pawn game"]
[ECO "A46"]
[NIC "QP.05"]
[Time "19:42:11"]
[TimeControl "180+0"]

1. d4 Nf6 2. Nf3 e6 3. Bf4 b6 4. Nbd2 Bb7 5. e3 d5 6. Bd3 Bd6 7. Bg3 Ne4 8.
c3 O-O 9. Qc2 f5 10. Bxd6 cxd6 11. O-O Nd7 12. a4 a6 13. Kh1 Rf6 14. Ng1 Rh6
15. Bxe4 dxe4 16. Qb3 Bd5 17. c4 Bb7 18. a5 Rb8 19. axb6 Qxb6 20. Qxb6 Nxb6
21. b4 Nd7 22. c5 dxc5 23. bxc5 Bd5 24. Rfb1 Ra8 25. h3 g5 26. Ne2 Rf6 27.
Nc3 Kf7 28. Nxd5 exd5 29. Rb7 Ke7 30. Rc1 Rc6 31. Nb1 a5 32. Nc3 Ke6 33. Ra1
f4 34. Nb5 Rac8 35. Rxa5 fxe3 36. fxe3 Nf6 37. Raa7 g4 38. Nd6 Rf8 39. Re7#
{Black checkmated}
1-0

[Event "ICCopen2017"]
[Site "Internet Chess Club"]
[Date "2017.04.02"]
[Round "4"]
[White "BoldPlan"]
[Black "NWRiver"]
[Result "1-0"]
[ICCResult "Black forfeits on time"]
[WhiteElo "1887"]
[BlackElo "1600"]
[Opening "Philidor's defense"]
[ECO "C41"]
[NIC "KP.10"]
[Time "19:41:29"]
[TimeControl "180+0"]

1. e4 e5 2. Nf3 d6 3. Bc4 Nf6 4. d3 Be7 5. Bb3 c6 6. c3 b6 7. h3 Bb7 8. O-O
Nbd7 9. Nbd2 O-O 10. Re1 Qc7 11. Nf1 Rac8 12. g4 d5 13. Qe2 dxe4 14. dxe4 c5
15. Ng3 c4 16. Nf5 Rfe8 17. Bc2 b5 18. Nxe7+ Rxe7 19. g5 Nh5 20. Nh4 Nf4 21.
Bxf4 exf4 22. Nf5 Ree8 23. Rad1 Re6 24. Nd4 Ree8 25. Qg4 Ne5 26. Qxf4 Ng6
27. Qxc7 Rxc7 28. Nxb5 Rce7 29. f3 a6 30. Nd4 Nf4 31. Kh2 Bc8 32. h4 Rc7 33.
Ba4 Rd8 34. Nf5 Rxd1 35. Rxd1 f6 36. Rd8+ Kf7 37. Rxc8 Rxc8 38. Nd6+ Ke6 39.
Nxc8 Nd3 40. b3 cxb3 41. Bxb3+ Kd7 42. Nb6+ Kc6 43. gxf6 gxf6 44. Nd5 Ne1
45. Kg3 Nd3 46. Nxf6 h6 47. Ng4 a5 48. Nxh6 a4 49. Bd5+ Kc5 50. Ng4 Nb2 51.
h5 Nc4 52. h6 Nd6 53. h7 {Black forfeits on time} 1-0

[Event "ICCopen2017"]
[Site "Internet Chess Club"]
[Date "2017.04.02"]
[Round "4"]
[White "MoonlightWizard"]
[Black "simplerxiao"]
[Result "1-0"]
[ICCResult "Black forfeits on time"]
[WhiteElo "2711"]
[BlackElo "1980"]
[Opening "Sicilian, Szén (`anti-Taimanov') variation"]
[ECO "B44"]
[NIC "SI.39"]
[Time "19:41:14"]
[TimeControl "180+0"]

1. e4 c5 2. Nf3 e6 3. d4 cxd4 4. Nxd4 Nc6 5. Nb5 d6 6. Bf4 e5 7. Be3 a6 8.
N5c3 Nf6 9. Bg5 Be6 10. Bxf6 gxf6 11. Nd5 f5 12. exf5 Bxf5 13. c3 Bg7 14.
Be2 Ne7 15. O-O O-O 16. Na3 Be6 17. Nxe7+ Qxe7 18. Bf3 Rad8 19. Bd5 Kh8 20.
Nc2 f5 21. Re1 f4 22. Kh1 Bc8 23. Qd3 Qg5 24. Rad1 Rf6 25. Qf3 Bg4 26. Qe4
Rh6 27. Rd3 Bf5 28. Qe2 Bxd3 29. Qxd3 Qh4 30. h3 Qxf2 31. Rf1 Qg3 32. Rf3
Qg6 33. Be4 Qf7 34. c4 Bf6 35. Nb4 Qg7 36. Bd5 Rg6 37. Qe2 Rg3 38. Nd3 b6
39. b3 Bh4 40. Be4 b5 41. Nb4 bxc4 42. Qxc4 Rxf3 43. Bxf3 Qg3 44. Nd3 Qg8
45. Qxa6 Qe6 46. Qc6 Rc8 47. Qe4 Bg3 48. Bg4 Qe8 49. Bxc8 Qxc8 50. Qc4 Qf5
51. Qd5 Qf6 52. Qa8+ Kg7 53. Qb7+ Kh6 54. Qe4 d5 55. Qxe5 Qc6 56. Qe2 Qc3
57. Qf1 Qd2 58. a4 Qc3 59. b4 Qc4 60. a5 Qb5 61. Qd1 Kg6 62. Qe2 Kf6 63.
Qe5+ Kf7 64. Qc7+ Ke6 65. Qb6+ Qxb6 66. axb6 Kd6 67. Nc5 Kc6 68. b7 Kc7 69.
Kg1 d4 70. Kf1 d3 71. Nxd3 Kxb7 72. Ke2 Kb6 73. Kf3 Kb5 74. Nxf4 Bh4 75. Nd5
Bd8 76. Ke4 Kc4 77. g4 h6 78. Ke5 Kb5 79. Ke6 Kc6 80. Nf4 Bb6 81. Kf5 Bd4
82. Ne6 Kd6 83. Kg6 Kd7 84. Nxd4 Kd6 85. Nf5+ Kd5 86. Nxh6 Ke5 87. Nf5 Ke4
88. h4 Kd3 89. h5 Kc2 90. h6 Kb3 91. g5 Ka4 92. Kf6 Kb5 93. g6 Kb6 94. g7
{Black forfeits on time}
1-0

[Event "ICCopen2017"]
[Site "Internet Chess Club"]
[Date "2017.04.02"]
[Round "4"]
[White "takes-takes"]
[Black "sanka"]
[Result "1-0"]
[ICCResult "Black forfeits on time"]
[WhiteElo "1229"]
[BlackElo "1306"]
[Opening "Two knights defense"]
[ECO "C55"]
[NIC "IG.01"]
[Time "19:41:22"]
[TimeControl "180+0"]

1. e4 e5 2. Bc4 Nc6 3. Nf3 Nf6 4. O-O Be7 5. Nc3 O-O 6. d3 d6 7. Be3 Bg4 8.
Qd2 a6 9. h3 Bxf3 10. gxf3 Qd7 11. f4 Qxh3 12. f3 Nh5 13. Rf2 Qh4 14. Rg2
exf4 15. Bf2 Qh3 16. Qe2 Ng3 17. Bxg3 fxg3 18. Qe3 h6 19. Ne2 Bh4 20. f4 Qg4
21. Nxg3 Bxg3 22. Rxg3 Qd7 23. f5 Kh7 24. Kf2 Ne5 25. Rag1 Rg8 26. Rh3 Qe7
27. Qf4 Nxc4 28. dxc4 Qf6 29. c3 Rae8 30. Rhg3 Qe5 31. Qxe5 Rxe5 32. Ke3
Rge8 33. Rg4 g6 34. fxg6+ fxg6 35. Kf3 g5 36. Rh1 Rf8+ 37. Ke3 Rf6 38. Kd3
Ra5 39. Ke2 {Black forfeits on time} 1-0

[Event "ICCopen2017"]
[Site "Internet Chess Club"]
[Date "2017.04.02"]
[Round "4"]
[White "fredx"]
[Black "PaulieChessnut"]
[Result "0-1"]
[ICCResult "White forfeits on time"]
[WhiteElo "1022"]
[BlackElo "1366"]
[Opening "Queen's pawn game"]
[ECO "A50"]
[NIC "QP.07"]
[Time "19:42:01"]
[TimeControl "180+0"]

1. d4 Nf6 2. c4 c6 3. Nc3 e6 4. e4 Bb4 5. Bd2 Bxc3 6. Bxc3 d5 7. e5 Ne4 8.
Bd2 Nd7 9. Nf3 f6 10. exf6 Ndxf6 11. Bd3 O-O 12. Ne5 Qc7 13. O-O b6 14. c5
bxc5 15. Nf3 cxd4 16. Nxd4 c5 17. Nb5 Qb6 18. a4 a6 19. Nc3 c4 20. Bxe4 dxe4
21. Be3 Qxb2 22. Ne2 Nd5 23. Bd4 Qb7 24. Qd2 Qf7 25. Qc2 Qg6 26. Qxc4 Bd7
27. Ng3 Rac8 28. Qa2 h5 29. Rfe1 Nf4 30. f3 h4 31. fxe4 hxg3 32. hxg3 Qxg3
{White forfeits on time}
0-1

[Event "ICCopen2017"]
[Site "Internet Chess Club"]
[Date "2017.04.02"]
[Round "4"]
[White "Kjaan1974"]
[Black "tonychess2014"]
[Result "0-1"]
[ICCResult "White resigns"]
[WhiteElo "1510"]
[BlackElo "1767"]
[Opening "Sicilian defense"]
[ECO "B20"]
[NIC "SI.48"]
[Time "19:42:04"]
[TimeControl "180+0"]

1. e4 c5 2. d3 g6 3. h3 Bg7 4. c3 d6 5. Be3 Nf6 6. Nd2 O-O 7. Be2 Nc6 8. f4
e5 9. Ngf3 exf4 10. Bxf4 h6 11. g4 d5 12. e5 Nd7 13. d4 cxd4 14. cxd4 Qb6
15. Nb3 g5 16. Be3 Ndxe5 17. Nxe5 Nxe5 18. Nc5 Nc4 19. Bxc4 dxc4 20. O-O Re8
21. Bf2 Be6 22. Rb1 Rad8 23. b4 Bd5 24. Qa4 Bc6 25. b5 Bd5 26. Rfe1 Rxe1+
27. Rxe1 c3 28. Rc1 Qf6 29. Rxc3 Qf4 30. Bg3 Bxd4+ 31. Kh2 Qd2+ {White
resigns} 0-1

[Event "ICCopen2017"]
[Site "Internet Chess Club"]
[Date "2017.04.02"]
[Round "4"]
[White "talshirov"]
[Black "Shadeath"]
[Result "0-1"]
[ICCResult "White resigns"]
[WhiteElo "1965"]
[BlackElo "2720"]
[Opening "Caro-Kann: 3.Nd2"]
[ECO "B12"]
[NIC "CK.02"]
[Time "19:41:52"]
[TimeControl "180+0"]

1. e4 c6 2. d4 d5 3. Nd2 h6 4. Ngf3 dxe4 5. Nxe4 Bf5 6. Ng3 Bh7 7. Bd3 Bxd3
8. Qxd3 Nd7 9. Bf4 e6 10. O-O-O Ngf6 11. Rhe1 Be7 12. Kb1 a5 13. Ne4 Nxe4
14. Qxe4 a4 15. a3 Qb6 16. Ka2 Qb5 17. Qd3 Qxd3 18. Rxd3 b5 19. c3 O-O-O 20.
h4 Rhe8 21. Bg3 h5 22. Be5 f6 23. Bg3 Nf8 24. Rde3 Kd7 25. Nd2 Ng6 26. Rxe6
Bf8 27. Rxe8 Rxe8 28. Rxe8 Kxe8 29. f3 Kd7 30. Ne4 Be7 31. b3 Ke6 32. bxa4
bxa4 33. c4 f5 34. Nc3 Bxh4 35. Bb8 Bf6 36. Nxa4 Bxd4 37. Kb3 Nh4 38. Kb4
Nxg2 39. Nc5+ Bxc5+ 40. Kxc5 f4 41. a4 h4 42. a5 h3 43. a6 h2 44. a7 h1=Q
45. a8=Q Qg1+ 46. Kb4 Qb6+ 47. Kc3 Kf5 48. Bd6 Qe3+ 49. Kb4 Qd2+ 50. Kc5
Qe3+ 51. Kxc6 Qxf3+ 52. Kd7 Qxa8 53. c5 f3 54. c6 f2 55. c7 f1=Q 56. c8=Q
Qxc8+ 57. Kxc8 Ke6 58. Bc7 Qa6+ {White resigns} 0-1

[Event "ICCopen2017"]
[Site "Internet Chess Club"]
[Date "2017.04.02"]
[Round "4"]
[White "LiangLiang"]
[Black "MichailovM"]
[Result "0-1"]
[ICCResult "White checkmated"]
[WhiteElo "1840"]
[BlackElo "2189"]
[Opening "French: Tarrasch"]
[ECO "C03"]
[NIC "FR.14"]
[Time "19:42:13"]
[TimeControl "180+0"]

1. e4 e6 2. d4 d5 3. Nd2 a6 4. Ngf3 c5 5. exd5 exd5 6. c3 Nc6 7. Be2 Bd6 8.
O-O Nf6 9. Re1 O-O 10. Nf1 c4 11. Bg5 b5 12. Ng3 h6 13. Bxf6 Qxf6 14. a4 b4
15. b3 cxb3 16. cxb4 Bxb4 17. Rf1 Na5 18. Ne5 b2 19. Rb1 Ba3 20. Qd3 Bd6 21.
Nh5 Qe7 22. Rxb2 Bxe5 23. dxe5 Qxe5 24. Rd2 Bb7 25. f4 Qe4 26. Bf3 Qxa4 27.
Bxd5 Bxd5 28. Qxd5 Qb5 29. Qxb5 axb5 30. Rb1 Rfb8 31. Rdb2 Nc4 32. Rxb5 Rd8
33. Ng3 Ra2 34. Re1 Rdd2 35. Rb8+ Kh7 36. Ree8 Rxg2+ 37. Kf1 Raf2+ 38. Ke1
Rxf4 39. Rh8+ Kg6 40. Rb6+ Nxb6 41. Ne2 Re4 42. Rb8 Rexe2+ 43. Kf1 Nd5 44.
Rd8 Ne3# {White checkmated} 0-1

[Event "ICCopen2017"]
[Site "Internet Chess Club"]
[Date "2017.04.02"]
[Round "4"]
[White "Dewey"]
[Black "Jojua"]
[Result "0-1"]
[ICCResult "White forfeits on time"]
[WhiteElo "1371"]
[BlackElo "1487"]
[Opening "Queen's Pawn"]
[ECO "B07"]
[NIC "QO.17"]
[Time "19:42:02"]
[TimeControl "180+0"]

1. d4 d6 2. e4 e5 3. Be3 exd4 4. Bxd4 Nc6 5. Nc3 Nxd4 6. Qxd4 Qf6 7. Qe3 c6
8. Bd3 g6 9. Nge2 Bg7 10. O-O Ne7 11. Ng3 h5 12. f4 Bg4 13. h3 Bd7 14. Rab1
b5 15. Nce2 a5 16. c3 h4 17. Nh1 Bh6 18. Nf2 a4 19. c4 b4 20. b3 c5 21. Qf3
axb3 22. axb3 O-O 23. Ng4 Bxg4 24. Qxg4 Nc6 25. f5 Be3+ 26. Kh1 g5 27. Rf3
Ne5 28. Qh5 Nxf3 29. gxf3 Ra1 30. Rxa1 Qxa1+ 31. Kg2 Qg7 32. Qg4 Ra8 33. f4
Ra2 34. fxg5 Qxg5 35. Qxg5+ Bxg5 36. Kf3 Rd2 37. Bb1 Rb2 38. Bd3 Rxb3 39.
Kg4 f6 40. Bc2 Rb2 41. Ba4 Rxe2 42. Bd7 Kg7 43. Kf3 Re3+ 44. Kf2 Rxh3 45.
Be6 Rg3 {White forfeits on time} 0-1

[Event "ICCopen2017"]
[Site "Internet Chess Club"]
[Date "2017.04.02"]
[Round "4"]
[White "ivancele"]
[Black "dynamo"]
[Result "1/2-1/2"]
[ICCResult "Game drawn because neither player has mating material"]
[WhiteElo "1485"]
[BlackElo "1756"]
[Opening "Queen's gambit declined"]
[ECO "D30"]
[NIC "QP.08"]
[Time "19:41:39"]
[TimeControl "180+0"]

1. d4 d5 2. c4 e6 3. e3 Nf6 4. Nf3 Be7 5. Nbd2 O-O 6. Be2 Nbd7 7. O-O b6 8.
b3 Bb7 9. Bb2 Rc8 10. Rc1 Re8 11. h3 c5 12. cxd5 exd5 13. dxc5 Nxc5 14. Nd4
a6 15. N2f3 Nfe4 16. Nf5 Bf6 17. N5d4 Qe7 18. a3 Ne6 19. b4 Rxc1 20. Qxc1
Rc8 21. Qa1 g6 22. Rc1 Rxc1+ 23. Qxc1 Nxd4 24. Nxd4 Kg7 25. Bf3 Qd8 26. Nc6
Qc7 27. Bxe4 dxe4 28. Bxf6+ Kxf6 29. Qb2+ Kg5 30. Qe5+ Qxe5 31. Nxe5 Bd5 32.
Nd7 b5 33. Nc5 Bc4 34. Nxa6 f5 35. f3 exf3 36. gxf3 f4 37. e4 Kh4 38. Kh2 h5
39. Nc7 Be2 40. Kg2 g5 41. Ne6 g4 42. hxg4 hxg4 43. fxg4 f3+ 44. Kf2 Kxg4
45. Nc7 Kf4 46. Nd5+ Kxe4 47. Nc3+ Kd3 48. Nxb5 Kd2 49. Nd4 Ba6 50. Nxf3+
Kc3 51. Ne5 Kb3 52. Nc6 Kxa3 53. b5 Bxb5
{Game drawn because neither player has mating material}
1/2-1/2

[Event "ICCopen2017"]
[Site "Internet Chess Club"]
[Date "2017.04.02"]
[Round "4"]
[White "Molton"]
[Black "Discoverchess"]
[Result "1/2-1/2"]
[ICCResult "Game drawn by repetition"]
[WhiteElo "3047"]
[BlackElo "2642"]
[Opening "French: Tarrasch, open variation"]
[ECO "C07"]
[NIC "FR.18"]
[Time "19:43:17"]
[TimeControl "180+0"]

1. e4 e6 2. d4 d5 3. Nd2 c5 4. Ngf3 cxd4 5. Nxd4 Nf6 6. e5 Nfd7 7. N2f3 Nc6
8. Nxc6 bxc6 9. Bd3 Be7 10. O-O g5 11. Re1 g4 12. Nd4 Qc7 13. Qxg4 Bb7 14.
Qg7 Rf8 15. Bh6 O-O-O 16. a3 Qb6 17. Nxe6 fxe6 18. Qxe7 Qxf2+ 19. Kh1 Rde8
20. Bxf8 Rxe7 21. Bxe7 c5 22. Rf1 Qd4 23. Bd6 c4 24. Bxh7 Qh4 25. Bg8 Qh6
26. Rad1 d4 27. Rxd4 Qg6 28. Rxc4+ Kd8 29. Bc7+ Ke7 30. Bd6+ Kd8 31. Bc7+
Ke7 32. Bd6+ Kd8 33. Bc7+ Ke7 {Game drawn by repetition} 1/2-1/2

[Event "ICCopen2017"]
[Site "Internet Chess Club"]
[Date "2017.04.02"]
[Round "4"]
[White "Red-white"]
[Black "patterncircular"]
[Result "1-0"]
[ICCResult "Black resigns"]
[WhiteElo "2904"]
[BlackElo "2043"]
[Opening "Benko's opening"]
[ECO "A00"]
[NIC "VO.09"]
[Time "19:42:15"]
[TimeControl "180+0"]

1. g3 d6 2. Bg2 Nf6 3. c4 c6 4. Nc3 e5 5. Nf3 Be7 6. d4 Qc7 7. O-O Bg4 8. h3
Bh5 9. Nh4 Bg6 10. Nxg6 hxg6 11. e3 Nbd7 12. b3 O-O 13. Bb2 Rfe8 14. Qd2
Rad8 15. Rac1 a6 16. b4 Bf8 17. a4 Nh7 18. Rfd1 f5 19. b5 e4 20. bxa6 bxa6
21. Ba3 Ndf6 22. Rb1 Rb8 23. Qa2 Qf7 24. a5 Ng5 25. c5 d5 26. Qe2 Rb5 27.
Nxb5 axb5 28. Bb4 Ra8 29. a6 Rxa6 30. Ra1 Qa7 31. Bc3 Ne6 32. Rxa6 Qxa6 33.
Ra1 Qb7 34. Qa2 g5 35. Qa8 Qxa8 36. Rxa8 f4 37. Rc8 fxe3 38. fxe3 g4 39.
Rxc6 Ng5 40. hxg4 Nxg4 41. Bd2 b4 42. Rb6 b3 43. Rxb3 Nf3+ 44. Bxf3 exf3 45.
Rb7 f2+ 46. Kg2 Nh2 47. Kxf2 Ng4+ 48. Ke2 Nf6 49. c6 Bd6 50. c7 Bxc7 51.
Rxc7 Ne4 52. Be1 Kh7 53. Re7 Kg6 54. Rxe4 dxe4 55. d5 Kf5 56. Bc3 g5 57. g4+
Kxg4 58. d6 {Black resigns} 1-0